 Dungeon Crawl Stone Soup version 0.19-a0-1886-gd64a0f0 (webtiles) character file.

903 Silkki the Skirmisher (level 7, -1/66 HPs)
             Began as a Minotaur Fighter on Oct 16, 2016.
             Succumbed to an orc wizard's poison
             ... on level 6 of the Dungeon.
             The game lasted 00:09:43 (4545 turns).

Silkki the Skirmisher (Minotaur Fighter)            Turns: 4545, Time: 00:09:44

Health: -1/66      AC: 12    Str: 27 (28) XL:     7   Next: 80%
Magic:  6/6        EV:  8    Int:  4 (5)  God:
Gold:   304        SH: 17    Dex: 12 (14) Spells: 0 memorised, 6 levels left

rFire  + . .     SeeInvis .     a - +0 war axe
rCold  + . .     Gourm    .     v - +0 plate armour
rNeg   . . .     Faith    .     L - +0 large shield
rPois  +         Spirit   .     (helmet restricted)
rElec  +         Dismiss  .     (no cloak)
rCorr  +         Reflect  .     (no gloves)
MR     ++...     Harm     .     (no boots)
Stlth  ..........               (no amulet)
                                j - ring of protection from magic
                                g - ring of protection from magic

@: mighty, agile, lethally poisoned (-1 -> -13), resistant, flying
A: retaliatory headbutt, horns 2
a: no special abilities


You were on level 6 of the Dungeon.
You were not hungry.

You visited 1 branch of the dungeon, and saw 6 of its levels.

You collected 304 gold pieces.

Inventory:

Hand Weapons
 a - a +0 war axe (weapon)
 A - a +2 morningstar of holy wrath
Missiles
 q - 8 javelins of returning (quivered)
Armour
 b - a +0 scale mail
 c - a +0 shield
 v - a +0 plate armour (worn)
 G - the +1 scale mail of Shadows and Fog {rElec rPois Str-4}
   (You found it on level 4 of the Dungeon)

   It affects your strength (-4).
   It insulates you from electricity.
   It protects you from poison.
 L - a +0 large shield (worn)
Jewellery
 g - a ring of protection from magic (left hand)
 j - a ring of protection from magic (right hand)
 y - a cursed -3 ring of evasion {unknown}
 C - an uncursed ring of see invisible {unknown}
 F - a +2 amulet of reflection {unknown}
Wands
 w - a wand of lightning (5/15)
 J - a wand of random effects (7/48)
Scrolls
 e - 3 scrolls of enchant weapon {unknown}
 h - 2 scrolls of enchant armour {unknown}
 i - 2 scrolls of magic mapping {unknown}
 k - a scroll of amnesia {unknown}
 l - 2 scrolls of immolation {unknown}
 n - 5 scrolls of blinking {unknown}
 p - 5 scrolls of teleportation {unknown}
 u - 2 scrolls of identify {unknown}
 E - a scroll of fog {unknown}
 N - a scroll of remove curse {unknown}
Potions
 d - a potion of might
 B - a potion of degeneration
 D - a potion of heal wounds {unknown}
 K - a potion of curing {unknown}
Books
 H - a book of Changes

   Spells                             Type                      Level
   a - Beastly Appendage              Transmutation                1
   b - Sticks to Snakes               Transmutation                2
   c - Spider Form                    Transmutation/Poison         3
   d - Ice Form                       Ice/Transmutation            4
   e - Blade Hands                    Transmutation                5
Comestibles
 f - 2 bread rations
 m - 7 fruits
 s - a slice of pizza
 t - 2 meat rations
 z - a royal jelly
 M - 3 chunks of flesh


   Skills:
 * Level 7.2 Fighting
 + Level 4.9 Axes
 + Level 5.9 Armour
 * Level 6.8 Shields


You had 6 spell levels left.
You didn't know any spells.

Dungeon Overview and Level Annotations

Branches:
Dungeon (6/15)
 Temple: D:4-7

Altars:
Hepliaklqana
Xom

Annotations:
D:5 Amnesiac's ghost, novice OgWz


Innate Abilities, Weirdness & Mutations

You reflexively headbutt those who attack you in melee.
You have a pair of horns on your head.


Message History

It was a potion of degeneration.
There was something very wrong with that liquid.
You feel weakened.
You feel dopey.
You feel clumsy.
* * * LOW HITPOINT WARNING * * *
You feel sick.
It was a potion of cure mutation.
It has a very clean taste.
* * * LOW HITPOINT WARNING * * *
You feel sick.
It was a potion of resistance.
You feel protected.
* * * LOW HITPOINT WARNING * * *
You feel sick.
It was a potion of flight.
You feel very buoyant.
You fly up into the air.
* * * LOW HITPOINT WARNING * * *
You feel sick.
It was a potion of agility.
You feel agile all of a sudden.
You die...

#.............
+.............
##.#########.............
#.....<..................
#..###.#######.#.........
#.# #.#......... #+#
#..........# #.........)#
#@)........# #)†.........
#.##'##+###
####.##..#+####
+..#.##.......##
#.#'##.........
#....#.........
#....+........)
#....#.......##


There were no monsters in sight!

Vanquished Creatures
  An ice beast (D:6)
  An ogre (D:4)
  A bullfrog (D:6)
  2 crimson imps (D:5)
  A centaur zombie (D:6)
  A hound (D:6)
  5 orc wizards
  2 iguanas
  Natasha (thrice) (D:4)
  A worker ant (D:4)
  12 adders
  A gnoll (D:1)
  An adder zombie (D:5)
  An adder skeleton (D:6)
  4 worms
  3 dart slugs
  2 leopard geckos (D:3)
  7 orcs
  5 giant cockroaches
  4 goblins
  10 hobgoblins
  19 jackals
  5 quokkas
  A ball python (D:3)
  5 bats
  5 frilled lizards
  A jackal zombie (D:5)
  6 kobolds
  A quokka skeleton (D:4)
  3 rats
114 creatures vanquished.

Notes
Turn   | Place    | Note
-------+----------+-------------------------------------------
     0 | D:1      | Silkki the Minotaur Fighter began the quest for the Orb.
     0 | D:1      | Reached XP level 1. HP: 19/19 MP: 0/0
    77 | D:1      | Reached XP level 2. HP: 12/27 MP: 1/1
   329 | D:1      | Reached skill level 4 in Fighting
   365 | D:1      | Reached XP level 3. HP: 30/33 MP: 2/2
  1450 | D:2      | Reached XP level 4. HP: 41/41 MP: 3/3
  1649 | D:2      | Found a faded altar of an unknown god.
  2074 | D:3      | Reached skill level 5 in Fighting
  2099 | D:3      | Reached XP level 5. HP: 48/48 MP: 4/4
  2467 | D:4      | Reached skill level 5 in Shields
  2621 | D:4      | Got a brightly glowing scale mail
  2632 | D:4      | Identified the +1 scale mail of Shadows and Fog {rElec rPois Str-4} (You found it on level 4 of the Dungeon)
  2889 | D:4      | Noticed Natasha
  2899 | D:4      | Killed Natasha
  2909 | D:4      | Reached skill level 5 in Armour
  2909 | D:4      | Reached XP level 6. HP: 44/57 MP: 5/5
  3015 | D:4      | Noticed Natasha
  3021 | D:4      | Killed Natasha
  3044 | D:4      | Noticed Natasha
  3049 | D:4      | Killed Natasha
  3049 | D:4      | Reached skill level 6 in Fighting
  3172 | D:5      | Entered Level 5 of the Dungeon
  3340 | D:5      | Noticed Amnesiac's ghost (novice OgWz)
  3694 | D:5      | Reached XP level 7. HP: 35/64 MP: 6/6
  4063 | D:5      | Found a shimmering altar of Xom.
  4085 | D:5      | Found a hazy altar of Hepliaklqana.
  4085 | D:5      | Noticed a yak
  4086 | D:5      | Noticed a spectral ugly thing
  4086 | D:5      | Noticed a yak
  4392 | D:6      | Reached skill level 7 in Fighting
  4543 | D:6      | HP: 2/66 [poisoned by an orc wizard]
  4545 | D:6      | Succumbed to an orc wizard's poison

Vault maps used:
D:1:      lemuel_arrival_room, serial_park_tiny_pond, minmay_cupped
D:2:      mumra_celtic_spiral_tile, first_bread, ecumenical_altar_1,
          minmay_misc_feat_rugged
D:3:      grunt_decor_clamped
D:4:      uniq_natasha
D:5:      regret_index_temple_of_mockery, minmay_crossroads
D:6:      serial_shops, nicolae_shop_trees

Skill      XL: |  1  2  3  4  5  6  7 |
---------------+----------------------+-----
Shields        | 4 5 6 |  6.8
Fighting       | 4 5 6 7 |  7.2
Armour         | 4 5 |  5.9
Axes           | 3 4 |  4.9

Action                   |  1- 3 |  4- 6 |  7- 9 || total
-------------------------+-------+-------+-------++-------
Melee: War axe           |   104 |   220 |    77 ||   401
       Headbutt          |    12 |    25 |    15 ||    52
Throw: Javelin           |       |     3 |       ||     3
  Use: Potion            |       |       |     6 ||     6
  Eat: Chunk             |     2 |     7 |     1 ||    10
       Bread ration      |       |       |     1 ||     1
Armor: Scale mail        |    52 |       |       ||    52
       Plate armour      |    13 |   104 |    45 ||   162
Dodge: Dodged            |    33 |    29 |     6 ||    68
Block: Shield            |    67 |    81 |       ||   148
       Large shield      |       |    57 |    70 ||   127
